 Dungeon Crawl Stone Soup version 0.24-a0-235-g3f03afcf10 (webtiles) character file.

Game seed: 7851813860230553659

61 HAL9000 the Chucker (level 4, 0/45 HPs)
             Began as an Ogre Hunter on Apr 5, 2019.
             Succumbed to an adder's poison
             ... on level 2 of the Dungeon.
             The game lasted 00:02:02 (1266 turns).

HAL9000 the Chucker (Ogre Hunter)                   Turns: 1266, Time: 00:02:03

Health: 0/45       AC:  3    Str: 16    XL:     4   Next: 7%
Magic:  4/4        EV: 10    Int: 12    God:
Gold:   18         SH:  0    Dex: 10    Spells: 3/3 levels left

rFire    + . .     SeeInvis .   j - +0 whip
rCold    + . .     Gourm    .   (no shield)
rNeg     . . .     Faith    .   b - +0 robe
rPois    +         Spirit   .   (helmet restricted)
rElec    +         Reflect  .   (no cloak)
rCorr    +         Harm     .   (gloves unavailable)
MR       .....                  (boots unavailable)
Stlth    +.........             (no amulet)
HPRegen  0.15/turn              (no ring)
MPRegen  0.09/turn              (no ring)

@: lethally poisoned (0 -> -9), resistant
A: large, unfitting armour, tough skin 1
a: no special abilities


You were on level 2 of the Dungeon.
You were not hungry.

You visited 1 branch of the dungeon, and saw 2 of its levels.

You collected 18 gold pieces.

Inventory:

Hand Weapons
 a - a +0 short sword
 j - a +0 whip (weapon)
Missiles
 c - a large rock (quivered)
 d - 2 throwing nets
Armour
 b - a +0 robe (worn)
Scrolls
 g - a scroll of teleportation {unknown}
 i - a scroll of enchant armour {unknown}
 k - a scroll of remove curse {unknown}
Comestibles
 f - 2 rations


   Skills:
 + Level 3.4 Fighting
 - Level 0.9 Short Blades
 * Level 1.1 Maces & Flails
 - Level 4.7 Throwing
 - Level 1.8 Dodging
 - Level 0.6 Stealth


You had 3 spell levels left.
You didn't know any spells.
Your spell library was empty.

Dungeon Overview and Level Annotations

Branches:
Dungeon (2/15)

Altars:


Innate Abilities, Weirdness & Mutations

You are too large for most types of armour.
You have tough skin. (AC +1)


Message History

The adder barely misses you.
You hit the adder.
The adder is almost dead.
* * * LOW HITPOINT WARNING * * *
You feel sick. The adder bites you.
* * * LOW HITPOINT WARNING * * *
You are more poisoned.
The adder poisons you! The adder misses you.
It was a potion of cancellation.
You feel magically purged.
* * * LOW HITPOINT WARNING * * *
You feel sick. The adder closely misses you.
It was a potion of resistance.
You feel protected.
* * * LOW HITPOINT WARNING * * *
You feel sick. The adder bites you.
* * * LOW HITPOINT WARNING * * *
Unknown command.
You miss the adder.
The adder is almost dead.
You die...

. ##..#. .. .....
... #...# ...)
....####
.....##......
....b.....# ###...#
###S.#.## #.@#.#.#
#.##.#.# ##
###.##.###
##.####...##..
####..##...#####.
####....###.### #.
#....รท.......######
#
.....#.#####......#
.........# ######...


You could see an adder.

Vanquished Creatures
  Natasha (D:2)
  A gnoll (D:1)
  2 leopard geckos (D:1)
  3 giant cockroaches (D:1)
  A goblin (D:1)
  2 hobgoblins (D:1)
  4 jackals (D:1)
  2 bats (D:2)
  2 frilled lizards (D:1)
  3 kobolds (D:1)
  5 rats
26 creatures vanquished.

Notes
Turn   | Place    | Note
-------+----------+-------------------------------------------
     0 | D:1      | HAL9000 the Ogre Hunter began the quest for the Orb.
     0 | D:1      | Reached XP level 1. HP: 22/22 MP: 1/1
    56 | D:1      | Reached XP level 2. HP: 11/29 MP: 2/2
    73 | D:1      | HP: 1/29 [rat (1)]
   709 | D:1      | Reached XP level 3. HP: 10/36 MP: 3/3
  1060 | D:2      | Noticed Natasha
  1074 | D:2      | Killed Natasha
  1074 | D:2      | Reached skill level 1 in Maces & Flails
  1074 | D:2      | Reached XP level 4. HP: 5/45 MP: 4/4
  1265 | D:2      | HP: 1/45 [adder (3)]
  1266 | D:2      | Succumbed to an adder's poison

Levels and vault maps discovered:
D:1:      dpeg_arrival_boxorama, layout_basic
D:2:      minmay_skewed_foursquare, layout_rooms, uniq_natasha

Skill      XL: |  1  2  3 |
---------------+----------+-----
Fighting       | 3 |  3.4
Maces & Flails | 1 |  1.1
Short Blades   | |  0.9
Throwing       | |  4.7
Dodging        | |  1.8
Stealth        | |  0.6

Action                   |  1- 3 |  4- 6 || total
-------------------------+-------+-------++-------
Melee: Short sword       |    86 |       ||    86
       Whip              |    12 |    18 ||    30
Throw: Large rock        |     5 |     1 ||     6
  Use: Potion            |       |     2 ||     2
 Stab: Sleeping          |     2 |       ||     2
  Eat: Chunk             |     1 |       ||     1
Armor: Robe              |    34 |     5 ||    39
Dodge: Dodged            |    48 |    14 ||    62

Table legend:
 A = Non-vault XP
 B = Vault XP
 C = Vault XP percentage of total XP
 D = Non-vault monster count
 E = Vault monster count
 F = Vault count percentage of total count
                 A         B        C        D         E       F
            +---------+---------+-------+---------+---------+-------
      Total |      51 |      37 |  42.0 |      24 |       2 |   7.7
            +---------+---------+-------+---------+---------+-------
        D:1 |      49 |       0 |   0.0 |      22 |       0 |   0.0
        D:2 |       2 |      37 |  94.9 |       2 |       2 |  50.0
            +---------+---------+-------+---------+---------+-------
